 Dungeon Crawl Stone Soup version 0.28-a0-1167-g616b1c6417 (webtiles) character file.

Game seed: 14181060475201423258

10034 Htamos the Grappler (level 11, -1/107 HPs)
             Began as a Troll Ice Elementalist on Dec 16, 2021.
             Was an Elder of Okawaru.
             Slain by a ghost moth (5 damage)
             ... on level 11 of the Dungeon.
             The game lasted 00:27:09 (8905 turns).

Htamos the Grappler (Troll Ice Elementalist)        Turns: 8905, Time: 00:27:09

Health: -1/107     AC:  9    Str: 17 (18) XL:     11   Next: 30%
Magic:  0/11       EV: 15    Int: 12 (13) God:    Okawaru [****..]
Gold:   430        SH:  0    Dex:  9 (12) Spells: 5/12 levels left

rFire   . . .      SeeInvis .     - Unarmed
rCold   + . .      Faith    .   (no shield)
rNeg    . . .      Spirit   .   o - +0 troll leather armour
rPois   .          Reflect  .   E - +2 hat {Stlth+}
rElec   .          Harm     .   v - +0 cloak
rCorr   .          Rampage  .   (gloves unavailable)
Will    .....                   (boots unavailable)
Stlth   ++........              (no amulet)
HPRegen 1.87/turn               w - +4 ring of evasion
MPRegen 0.12/turn               h - ring of protection from cold

@: brilliant, lethally poisoned (-1 -> -72)
A: large, unfitting armour, claws 3, regeneration 1, shaggy fur 1, tough skin 1
a: Renounce Religion, Heroism, Finesse


You were on level 11 of the Dungeon.
You worshipped Okawaru.
Okawaru was greatly pleased with you.
You visited 3 branches of the dungeon, and saw 13 of its levels.

You collected 580 gold pieces.
You spent 150 gold pieces at shops.

Inventory:

Hand Weapons
 f - a +2 dagger of speed
 t - the +8 longbow "Zephyr" {speed, Dex+3 SInv}
   (You found it on level 7 of the Dungeon)

   Attacks with this weapon are significantly faster.
   Dex:       It affects your dexterity (+3).
   SInv:      It lets you see invisible.
 D - a +0 club
Missiles
 B - 3 large rocks
Armour
 a - a +0 robe
 k - a +0 cloak
 o - a +0 troll leather armour (worn)
 r - a +2 robe of willpower
 v - a +0 cloak (worn)
 E - a +2 hat of stealth (worn)
Jewellery
 h - a ring of protection from cold (right claw)
 w - a +4 ring of evasion (left claw)
 C - a ring of ice
Wands
 x - a wand of polymorph (9)
Scrolls
 b - a scroll of vulnerability
 d - 2 scrolls of enchant weapon
 e - a scroll of immolation
 g - 5 scrolls of identify {@rr}
 i - a scroll of summoning
 j - a scroll of enchant armour {unknown}
 l - 2 scrolls of blinking {unknown}
 m - 3 scrolls of fog {unknown}
 q - 3 scrolls of fear {unknown}
 s - a scroll of silence {unknown}
 u - a scroll of teleportation {unknown}
 y - a scroll of holy word {unknown}
Potions
 c - a potion of ambrosia {unknown}
 n - a potion of attraction {unknown}
 p - a potion of brilliance
 z - 2 potions of magic
 A - a potion of lignification {unknown}


   Skills:
 + Level 6.6 Fighting
 + Level 6.9 Dodging
 - Level 1.0 Stealth
 + Level 9.8 Unarmed Combat
 - Level 1.2 Spellcasting
 * Level 8.2 Ice Magic


You had 5 spell levels left.
You knew the following spells:

 Your Spells              Type           Power      Damage    Failure   Level
a - Freeze                Ice            100%       1d11      1%          1
b - Frozen Ramparts       Ice            60%        1d8       3%          3
c - Ozocubu's Armour      Ice            30%        N/A       3%          3

Your spell library contained the following spells:

 Spells                   Type           Power      Damage    Failure   Level
 Hailstorm                Conj/Ice       15%        3d5       54%         4
 Ice Form                 Ice/Tmut       15%        N/A       54%         4
 Passage of Golubria      Tloc           1%         N/A       98%         4
 Yara's Violent Unravell  Hex/Tmut       0%         3d3       100%        5
 Tukima's Dance           Hex            Unusable   N/A       N/A         3
 Simulacrum               Ice/Necr       Unusable   N/A       N/A         6

Dungeon Overview and Level Annotations

Branches:
Dungeon (11/15)            Temple (1/1) D:7            Lair (0/6) D:8
    Orc (1/2) D:10

Altars:
Ashenzari
Cheibriados
Dithmenos
Elyvilon
Fedhas
Gozag
Hepliaklqana
Kikubaaqudgha
Makhleb
Nemelex Xobeh
Okawaru
Qazlal
Ru
Sif Muna
Trog
Uskayaw
Vehumet
Wu Jian
Xom
Yredelemnul
Zin
The Shining One
Beogh

Shops:
D:5 *

Annotations:
D:9 2 transporters, confidenceinterval's ghost, journeyman GnWz


Innate Abilities, Weirdness & Mutations

You are too large for most types of armour.
You have claws for hands.
Your natural rate of healing is unusually fast.
You are covered in fur. (AC +1)
You have tough skin. (AC +1)


Message History

Deactivating autopickup; reactivate with Ctrl-A.
You mangle something!!
You feel you are being watched by something.
Something hits you!
You feel clumsy. Something hits you but does no damage.
Something barely misses you.
You miss something. Something hits you!
You feel clumsy. Something hits you but does no damage. Something stings you.
You barely miss something.
You feel you are being watched by something.
Something hits you!
You feel clumsy. Something hits you!
You feel weakened. Something stings you!
You are poisoned.
Something poisons you!
It was a potion of brilliance.
You feel clever all of a sudden.
You feel extremely sick. Something hits you.
* * * LOW HITPOINT WARNING * * *
Something hits you.
* * * LOW HITPOINT WARNING * * *
Something stings you!
* * * LOW HITPOINT WARNING * * *
You are lethally poisoned!
Something poisons you!
You miss something.
* * * LOW HITPOINT WARNING * * *
You feel extremely sick.
You feel you are being watched by something.
Something hits you!
* * * LOW HITPOINT WARNING * * *
Something hits you.
* * * LOW HITPOINT WARNING * * *
You feel dopey. Something stings you.
You die...

...... ##....
...... #....
#...# ... #{#
##@#######
#........#
#........#
#........####
#...........#
#.....<.....#
##.####.....#
#.####.....#
#..........###


There were no monsters in sight!

Vanquished Creatures
  Gastronok (D:10)
  A two-headed ogre (D:10)
  An orc knight (D:10)
  A cyclops (D:9)
  2 komodo dragons (D:8)
  A kobold demonologist (D:10)
  Grinder (D:3)
  4 yaks (D:10)
  2 wyverns
  A wraith (D:8)
  3 basilisks (D:8)
  An acid dragon (D:8)
  A water moccasin (D:8)
  A swamp drake (D:8)
  2 black bears
  A sky beast (D:7)
  11 orc warriors
  2 ice beasts
  2 necrophages
  A centaur (D:10)
  4 ogres
  3 bullfrogs
  4 scorpions
  A wyvern skeleton (D:5)
  4 killer bees
  3 wights (D:9)
  A howler monkey (D:10)
  A lava snake (D:8)
  A bullfrog zombie (D:5)
  3 centaur zombies
  3 jellies
  7 orc priests
  A bullfrog skeleton (D:5)
  A centaur skeleton (D:5)
  Jessica (D:3)
  A scorpion zombie (D:5)
  3 iguanas
  15 orc wizards
  A killer bee zombie (D:8)
  3 howler monkey zombies
  11 adders
  4 gnolls
  A white imp (D:6)
  2 ufetubi
  An adder skeleton (D:4)
  A dart slug (D:2)
  A worm (D:3)
  40 orcs
  6 bats
  7 endoplasms
  2 giant cockroaches
  9 goblins
  7 hobgoblins
  4 quokkas
  4 ball pythons
  2 frilled lizards (D:1)
  9 kobolds
  4 rats
216 creatures vanquished.

Notes
Turn   | Place    | Note
-------+----------+-------------------------------------------
     0 | D:1      | Htamos the Troll Ice Elementalist began the quest for the
                  | Orb.
     0 | D:1      | Reached XP level 1. HP: 16/16 MP: 1/1
   187 | D:1      | Reached XP level 2. HP: 26/26 MP: 2/2
   261 | D:1      | Reached skill level 1 in Unarmed Combat
   736 | D:2      | Found a faded altar of an unknown god.
   759 | D:2      | Reached XP level 3. HP: 24/32 MP: 0/3
   847 | D:2      | Reached skill level 1 in Fighting
   847 | D:2      | Reached skill level 2 in Unarmed Combat
   989 | D:2      | Reached XP level 4. HP: 41/41 MP: 4/4
  1751 | D:2      | Reached XP level 5. HP: 48/48 MP: 5/5
  2068 | D:3      | Noticed Jessica
  2073 | D:3      | Killed Jessica
  2074 | D:3      | Reached skill level 3 in Unarmed Combat
  2155 | D:3      | Noticed Grinder
  2248 | D:3      | Paralysed by Grinder for 3 turns
  2281 | D:3      | Paralysed by Grinder for 3 turns
  2327 | D:3      | Paralysed by Grinder for 2 turns
  2363 | D:3      | Paralysed by Grinder for 4 turns
  2406 | D:3      | Paralysed by Grinder for 5 turns
  2446 | D:3      | Paralysed by Grinder for 7 turns
  2469 | D:3      | Killed Grinder
  2470 | D:3      | Reached XP level 6. HP: 36/57 MP: 6/6
  2867 | D:4      | Reached skill level 4 in Unarmed Combat
  3011 | D:4      | Found a hazy altar of Hepliaklqana.
  3030 | D:4      | Found a sparkling altar of Nemelex Xobeh.
  3254 | D:4      | Reached XP level 7. HP: 66/66 MP: 7/7
  3438 | D:5      | Entered Level 5 of the Dungeon
  3463 | D:5      | Reached skill level 5 in Unarmed Combat
  3693 | D:5      | Found Anusot's General Store.
  3705 | D:5      | Reached XP level 8. HP: 68/75 MP: 8/8
  3712 | D:5      | Bought a +0 troll leather armour for 150 gold pieces
  3769 | D:5      | Found a shimmering blue altar of Sif Muna.
  3812 | D:5      | Reached skill level 6 in Unarmed Combat
  3951 | D:5      | Found a stormy altar of Qazlal.
  4667 | D:6      | Reached skill level 7 in Unarmed Combat
  5137 | D:7      | Reached skill level 5 in Ice Magic
  5137 | D:7      | Reached XP level 9. HP: 73/84 MP: 9/9
  5292 | D:7      | Found the +8 longbow "Zephyr" {speed, Dex+3 SInv}
  5434 | D:7      | Found a staircase to the Ecumenical Temple.
  5474 | Temple   | Entered the Ecumenical Temple
  5540 | Temple   | Became a worshipper of Warmaster Okawaru
  5553 | D:7      | Learned a level 3 spell: Frozen Ramparts
  5557 | D:7      | Learned a level 3 spell: Ozocubu's Armour
  5874 | D:8      | Reached skill level 5 in Dodging
  5909 | D:8      | Reached skill level 8 in Unarmed Combat
  5930 | D:8      | Identified the +2 ring mail of Soaryutu {rPois rC- rN+
                  | Slay+2}
  6199 | D:8      | Reached * piety under Okawaru
  6219 | D:8      | Noticed a komodo dragon
  6224 | D:8      | Killed a komodo dragon
  6225 | D:8      | Reached skill level 5 in Fighting
  6293 | D:8      | Found a staircase to the Lair.
  6318 | D:8      | Noticed a komodo dragon
  6322 | D:8      | Killed a komodo dragon
  6323 | D:8      | Reached XP level 10. HP: 96/96 MP: 10/10
  6741 | D:9      | Found a transporter.
  6799 | D:9      | Found a transporter.
  6800 | D:9      | Noticed confidenceinterval's ghost (journeyman GnWz)
  7073 | D:9      | Reached ** piety under Okawaru
  7097 | D:9      | Noticed a cyclops
  7146 | D:9      | Killed a cyclops
  7391 | D:10     | Entered Level 10 of the Dungeon
  7423 | D:10     | Reached skill level 9 in Unarmed Combat
  7638 | D:10     | Noticed an orc knight
  7639 | D:10     | Found a staircase to the Orcish Mines.
  7760 | D:10     | Reached *** piety under Okawaru
  7852 | D:9      | Noticed a manticore
  7877 | D:9      | Noticed a moth of wrath
  7927 | D:10     | Noticed Gastronok
  7947 | D:10     | Killed Gastronok
  7948 | D:10     | Reached XP level 11. HP: 78/105 MP: 11/11
  8084 | D:10     | Killed an orc knight
  8084 | D:10     | Reached **** piety under Okawaru
  8173 | D:10     | Noticed a two-headed ogre
  8227 | D:10     | Killed a two-headed ogre
  8628 | Orc:1    | Entered Level 1 of the Orcish Mines
  8787 | Orc:1    | Noticed an orc knight
  8895 | D:11     | Noticed a four-headed hydra
  8897 | D:11     | a four-headed hydra changed into something unseen
  8905 | D:11     | HP: 4/107 [something (5)]
  8905 | D:11     | Slain by a ghost moth

Illustrated notes

Levels and vault maps discovered:
D:1:      dpeg_arrival_round_c, layout_rooms, serial_curves, eino_curves_03,
          eino_curves_03, glass_columns_a, chequers_avenue, minmay_quantized
D:2:      layout_basic, ebering_ecumenical_altar_rust, minmay_stone_trees_small
D:3:      layout_loops_ring, minmay_misc_feat_encased, uniq_jessica,
          uniq_grinder
D:4:      layout_layer_cave, mainiacjoe_overflow_large_starburst
D:5:      layout_loops_ring, nicolae_sif_muna_condensation,
          nicolae_qazlal_general_emergency, serial_shops, shop,
          minmay_strange_pillars
D:6:      minmay_flawed_box, layout_loops_ring
D:7:      layout_rooms, minmay_temple_entry_butterflies
D:8:      layout_rooms, erik_lair_dragon, nicolae_lava_and_water
D:9:      layout_irregular_city, gammafunk_ghost_berserking_beasts,
          minmay_door_square
D:10:     layout_irregular_city, david_orc_5, uniq_gastronok
D:11:     layout_basic
Temple:   compressed_dpeg_circular_temple
Orc:1:    layout_caves

Skill      XL: |  1  2  3  4  5  6  7  8  9 10 11 |
---------------+----------------------------------+-----
Ice Magic      | 3 4 5 6 7 8 |  8.2
Unarmed Combat | 1 2 3 4 5 7 8 9 |  9.8
Dodging        | 2 3 4 5 6 |  6.9
Fighting       | 1 2 3 4 5 6 |  6.6
Stealth        | |  1.0
Spellcasting   | |  1.2

Action                   |  1- 3 |  4- 6 |  7- 9 | 10-12 || total
-------------------------+-------+-------+-------+-------++-------
Melee: Unarmed           |    66 |   159 |   358 |   290 ||   873
       Punch             |     1 |       |     8 |    11 ||    20
 Cast: Freeze            |    19 |    28 |       |       ||    47
Evoke: Wand              |       |       |     5 |    13 ||    18
  Use: Potion            |       |     4 |     3 |     3 ||    10
       Scroll            |       |       |       |     4 ||     4
 Stab: Sleeping          |       |     1 |     1 |     1 ||     3
Armor: Robe              |    21 |    34 |    15 |       ||    70
       Troll leather arm |       |       |    90 |    48 ||   138
Dodge: Dodged            |    38 |    55 |   167 |   125 ||   385

Table legend: (Time is in decaauts)
 A = Elapsed time spent in this place.
 B = Non-inter-level travel time spent in this place.
 C = Inter-level travel time spent in this place.
 D = Time resting spent in this place.
 E = Time spent auto-exploring this place.
 F = Levels seen in this place.
 G = Mean time per level.
                   A        B        C        D        E       F      G
               +--------+--------+--------+--------+--------+-----+--------+
         Total |   8865 |   8290 |    575 |     65 |   5178 |  13 |  681.9 |
       Dungeon |   8699 |   8138 |    561 |     65 |   5121 |  11 |  790.8 |
        Temple |     73 |     62 |     11 |      0 |     25 |   1 |   73.0 |
  Orcish Mines |     92 |     90 |      2 |      0 |     32 |   1 |   92.0 |
               +--------+--------+--------+--------+--------+-----+--------+

Top non-repeatable levels by time:
    D:10: 1254 daAuts
     D:2: 1084 daAuts
     D:9: 1024 daAuts
     D:3: 939 daAuts
     D:6: 864 daAuts
     D:8: 808 daAuts
     D:1: 792 daAuts
     D:5: 750 daAuts
     D:4: 609 daAuts
     D:7: 520 daAuts
   Orc:1: 92 daAuts
  Temple: 73 daAuts
    D:11: 51 daAuts
